EL
SAN ANTONIO MISSIONS @ JACKSONVILLE SUNS
08/25/2049
 
TOP OF THE 1ST
San Antonio Missions batting - Pitching for Jacksonville Suns : RHP J.P. Wilson
Pitching: RHP J.P. Wilson
Batting: RHB Caleb Russell 0-0: Fly out, F8 (Flyball, 8RD, EV 93.1 MPH)
Batting: RHB Jesse White 0-0: SINGLE (Line Drive, 8LS, EV 97.5 MPH)
Batting: RHB Eric Sandell 0-0: Called Strike
0-1: Foul Ball, location: 2F
0-2: Ball
1-2: SINGLE (Line Drive, 78S, EV 106.9 MPH)
Jesse White to second
Batting: RHB Chase Briney 0-0: Ball
1-0: Ball
2-0: Foul Ball, location: 2F
2-1: SINGLE (Groundball, 34, EV 109.4 MPH)
Jesse White to third
Eric Sandell to second
Runner from 3rd tries for Home, throw by RF and OUT! 9-2
Batting: RHB Travis Carter 0-0: Ball
Wild Pitch!
Eric Sandell to third
Chase Briney to second
1-0: Called Strike
1-1: Ball
Wild Pitch!
Eric Sandell scores
Chase Briney to third
2-1: Fly out, F7 (Flyball, 7, EV 87.5 MPH)
Top of the 1st over - 1 run, 3 hits, 0 errors, 1 left on base; San Antonio 1 - Jacksonville 0
BOTTOM OF THE 1ST
Jacksonville Suns batting - Pitching for San Antonio Missions : RHP Parker French
Pitching: RHP Parker French
Batting: RHB Akira Suzuki 0-0: Foul Ball, location: 2F
0-1: Foul Ball, location: 2F
0-2: Ball
1-2: DOUBLE (Line Drive, 7LM, EV 104.4 MPH)
Batting: LHB Dong-u Chang 0-0: Ball
1-0: Ball
2-0: DOUBLE (Flyball, 8RXD, EV 93.1 MPH)
Akira Suzuki scores
Batting: RHB Jack Power 0-0: Ball
1-0: Fly out, F7 (Line Drive, 78M, EV 100.6 MPH)
Batting: LHB Orlando Rivera 0-0: SINGLE (Groundball, 3S, EV 60.6 MPH) (infield hit)
Dong-u Chang to third
Batting: RHB Reomel Somera 0-0: Ball
Orlando Rivera steals 2nd base
1-0: Ball
2-0: Ball
3-0: Called Strike
3-1: Called Strike
3-2: Strikes out swinging
Batting: LHB Matt McKeon 0-0: Ball
1-0: Called Strike
1-1: Fly out, F8 (Flyball, 78S, EV 80.0 MPH)
Bottom of the 1st over - 1 run, 3 hits, 0 errors, 2 left on base; San Antonio 1 - Jacksonville 1
TOP OF THE 2ND
San Antonio Missions batting - Pitching for Jacksonville Suns : RHP J.P. Wilson
Batting: RHB Bryan Pitcher 0-0: Called Strike
0-1: Swinging Strike
0-2: Ball
1-2: Strikes out swinging
Batting: RHB Jaden Scott 0-0: Called Strike
0-1: Ball
1-1: Fly out, F7 (Flyball, 7LSF, EV 99.4 MPH)
Batting: SHB Isaiah Scates 0-0: Called Strike
0-1: Foul Ball, location: 2F
0-2: Foul Ball, location: 2F
0-2: Ball
1-2: Strikes out swinging, 2-3 out at first.
Top of the 2nd over - 0 runs, 0 hits, 0 errors, 0 left on base; San Antonio 1 - Jacksonville 1
BOTTOM OF THE 2ND
Jacksonville Suns batting - Pitching for San Antonio Missions : RHP Parker French
Batting: RHB Len Graham 0-0: Ball
1-0: Swinging Strike
1-1: Foul Ball, location: 2F
1-2: SINGLE (Groundball, 56, EV 98.8 MPH) (infield hit)
Batting: RHB Larry LeFever 0-0: Foul Ball, location: 2F
0-1: Called Strike
0-2: Grounds into double play, 4-6-3 (Groundball, 4M, EV 90.0 MPH)
Batting: RHB Chris Alft 0-0: Ball
1-0: Called Strike
1-1: DOUBLE (Line Drive, 78M, EV 105.0 MPH)
Batting: RHB Akira Suzuki 0-0: Called Strike
0-1: Ball
1-1: Ground out U3 (Groundball, 3, EV 88.8 MPH)
Bottom of the 2nd over - 0 runs, 2 hits, 0 errors, 1 left on base; San Antonio 1 - Jacksonville 1
TOP OF THE 3RD
San Antonio Missions batting - Pitching for Jacksonville Suns : RHP J.P. Wilson
Batting: RHB Eric Erickson 0-0: Ball
1-0: Swinging Strike
1-1: Ground out 4-3 (Groundball, 4, EV 96.9 MPH)
Batting: RHB Caleb Russell 0-0: Ball
1-0: Fly out, F8 (Flyball, 8LD, EV 85.0 MPH)
Batting: RHB Jesse White 0-0: Ground out 5-3 (Groundball, 5, EV 98.8 MPH)
Top of the 3rd over - 0 runs, 0 hits, 0 errors, 0 left on base; San Antonio 1 - Jacksonville 1
BOTTOM OF THE 3RD
Jacksonville Suns batting - Pitching for San Antonio Missions : RHP Parker French
Batting: LHB Dong-u Chang 0-0: Ball
1-0: Ball
2-0: Foul Ball, location: 2F
2-1: DOUBLE (Line Drive, 78D, EV 110.6 MPH)
Batting: RHB Jack Power 0-0: Called Strike
0-1: Ball
1-1: Called Strike
1-2: Fly out, F7 (Flyball, 7D, EV 86.2 MPH)
Batting: LHB Orlando Rivera 0-0: Ball
1-0: Ball
2-0: Ball
3-0: Called Strike
3-1: Base on Balls
Batting: RHB Reomel Somera 0-0: Foul Ball, location: 2F
0-1: Fly out, F8 (Flyball, 78D, EV 103.8 MPH)
Batting: LHB Matt McKeon 0-0: Foul Ball, location: 2F
0-1: Swinging Strike
0-2: Ball
1-2: Strikes out looking
Bottom of the 3rd over - 0 runs, 1 hit, 0 errors, 2 left on base; San Antonio 1 - Jacksonville 1
TOP OF THE 4TH
San Antonio Missions batting - Pitching for Jacksonville Suns : RHP J.P. Wilson
Batting: RHB Eric Sandell 0-0: Foul Ball, location: 2F
0-1: Ground out U3 (Groundball, 34, EV 79.4 MPH)
Batting: RHB Chase Briney 0-0: Ball
1-0: Foul Ball, location: 2F
1-1: Called Strike
1-2: Ball
2-2: Ball
3-2: Foul Ball, location: 2F
3-2: Base on Balls
Batting: RHB Travis Carter 0-0: Ball
1-0: Foul Ball, location: 2F
1-1: Swinging Strike
1-2: Foul Ball, location: 2F
1-2: Grounds into double play, 5-4-3 (Groundball, 5, EV 105.0 MPH)
Top of the 4th over - 0 runs, 0 hits, 0 errors, 0 left on base; San Antonio 1 - Jacksonville 1
BOTTOM OF THE 4TH
Jacksonville Suns batting - Pitching for San Antonio Missions : RHP Parker French
Batting: RHB Len Graham 0-0: Ball
1-0: Foul Ball, location: 2F
1-1: Foul Ball, location: 2F
1-2: Strikes out swinging
Batting: RHB Larry LeFever 0-0: SINGLE (Line Drive, 56D, EV 95.0 MPH)
Batting: RHB Chris Alft 0-0: Ball
Larry LeFever steals 2nd, throwing error, E2
Larry LeFever to third
1-0: Foul Ball, location: 2F
1-1: Foul Ball, location: 2F
1-2: Ball
2-2: Ball
3-2: Strikes out swinging
Batting: RHB Akira Suzuki 0-0: Fly out, F8 (Line Drive, 8RM, EV 87.5 MPH)
Bottom of the 4th over - 0 runs, 1 hit, 1 error, 1 left on base; San Antonio 1 - Jacksonville 1
TOP OF THE 5TH
San Antonio Missions batting - Pitching for Jacksonville Suns : RHP J.P. Wilson
Batting: RHB Bryan Pitcher 0-0: Foul Ball, location: 2F
0-1: SINGLE (Groundball, 15S, EV 65.6 MPH) (infield hit)
Batting: RHB Jaden Scott 0-0: Called Strike
0-1: Called Strike
0-2: Fielders Choice at 2nd, 6-4 (Groundball, 6, EV 86.9 MPH)
Batting: SHB Isaiah Scates 0-0: Called Strike
Jaden Scott is caught stealing 2nd base 2-6
0-1: Ball
1-1: Swinging Strike
1-2: Strikes out looking
Top of the 5th over - 0 runs, 1 hit, 0 errors, 0 left on base; San Antonio 1 - Jacksonville 1
BOTTOM OF THE 5TH
Jacksonville Suns batting - Pitching for San Antonio Missions : RHP Parker French
Batting: LHB Dong-u Chang 0-0: Called Strike
0-1: Ball
1-1: Ball
2-1: Reached on error, E5 (Groundball, 56, EV 99.4 MPH)
Batting: RHB Jack Power 0-0: Ball
1-0: Foul Ball, location: 2F
1-1: Ball
2-1: Ball
3-1: Grounds into double play, 4-6-3 (Groundball, 4, EV 86.2 MPH)
Batting: LHB Orlando Rivera 0-0: Foul Ball, location: 2F
0-1: Ball
1-1: Ball
2-1: Ball
3-1: Base on Balls
Batting: RHB Reomel Somera 0-0: Ball
1-0: Ball
2-0: SINGLE (Popup, 5D, EV 48.8 MPH)
Orlando Rivera to second
Batting: LHB Matt McKeon 0-0: Foul Ball, location: 2F
0-1: Fly out, F8 (Flyball, 8RXD, EV 99.4 MPH)
Bottom of the 5th over - 0 runs, 1 hit, 1 error, 2 left on base; San Antonio 1 - Jacksonville 1
TOP OF THE 6TH
San Antonio Missions batting - Pitching for Jacksonville Suns : RHP J.P. Wilson
Batting: RHB Eric Erickson 0-0: Ball
1-0: Ball
2-0: Called Strike
2-1: SINGLE (Groundball, 56, EV 103.8 MPH) (infield hit)
Batting: RHB Caleb Russell 0-0: Swinging Strike
0-1: Ball
1-1: Foul Ball, location: 2F
1-2: Ball
2-2: Foul Ball, location: 2F
2-2: Strikes out swinging
Batting: RHB Jesse White 0-0: Ball
1-0: Ball
2-0: Called Strike
2-1: Grounds into double play, 4-6-3 (Groundball, 34, EV 93.8 MPH)
Top of the 6th over - 0 runs, 1 hit, 0 errors, 0 left on base; San Antonio 1 - Jacksonville 1
BOTTOM OF THE 6TH
Jacksonville Suns batting - Pitching for San Antonio Missions : RHP Parker French
Batting: RHB Len Graham 0-0: Ball
1-0: Ball
2-0: Foul Ball, location: 2F
2-1: SINGLE (Flyball, 9LS, EV 94.4 MPH)
Batting: RHB Larry LeFever 0-0: Called Strike
0-1: Fly out, F8 (Line Drive, 89D, EV 98.1 MPH)
Batting: RHB Chris Alft 0-0: Foul Ball, location: 2F
0-1: Ball
1-1: Ground out 4-3 (Groundball, 13, EV 90.0 MPH)
Len Graham to second
Batting: RHB Akira Suzuki 0-0: Called Strike
0-1: Ball
1-1: Ground out 6-3 (Groundball, 6S, EV 91.2 MPH)
Bottom of the 6th over - 0 runs, 1 hit, 0 errors, 1 left on base; San Antonio 1 - Jacksonville 1
TOP OF THE 7TH
San Antonio Missions batting - Pitching for Jacksonville Suns : RHP J.P. Wilson
Batting: RHB Eric Sandell 0-0: Ball
1-0: Ball
2-0: Called Strike
2-1: Swinging Strike
2-2: Ground out 5-3 (Groundball, 56S, EV 81.9 MPH)
Batting: RHB Chase Briney 0-0: Foul Ball, location: 2F
0-1: Foul Ball, location: 2F
0-2: Strikes out swinging
Batting: RHB Travis Carter 0-0: Called Strike
0-1: Foul Ball, location: 2F
0-2: Ball
1-2: Ball
2-2: Ball
3-2: Ground out 6-3 (Groundball, 6, EV 101.9 MPH)
Top of the 7th over - 0 runs, 0 hits, 0 errors, 0 left on base; San Antonio 1 - Jacksonville 1
BOTTOM OF THE 7TH
Jacksonville Suns batting - Pitching for San Antonio Missions : RHP Parker French
Batting: LHB Dong-u Chang 0-0: Ball
1-0: SINGLE (Flyball, 5D, EV 97.5 MPH)
Batting: RHB Jack Power 0-0: Foul Ball, location: 2F
0-1: Fly out, F8 (Line Drive, 8LM, EV 86.2 MPH)
Batting: LHB Orlando Rivera 0-0: Ball
1-0: Swinging Strike
1-1: Ball
2-1: Grounds into double play, 6-4-3 (Groundball, 6, EV 104.4 MPH)
Bottom of the 7th over - 0 runs, 1 hit, 0 errors, 0 left on base; San Antonio 1 - Jacksonville 1
TOP OF THE 8TH
San Antonio Missions batting - Pitching for Jacksonville Suns : RHP J.P. Wilson
Pinch Hitting: LHB Chad Cutler 0-0: SINGLE (Groundball, 56, EV 100.6 MPH)
Pinch Hitting: LHB Pat Aviles 0-0: Called Strike
0-1: Ball
1-1: Foul Ball, location: 2F
1-2: Ball
2-2: Ball
3-2: Foul Ball, location: 2F
3-2: Strikes out looking
Pitching: RHP Alberto Negrete
Batting: SHB Isaiah Scates 0-0: Ball
1-0: Called Strike
1-1: Foul Ball, location: 2F
1-2: Fielders Choice at 2nd, 1-6 (Groundball, P, EV 70.0 MPH)
Pinch Hitting: SHB Jorge Brito 0-0: Called Strike
0-1: Fielders Choice at 2nd, 5-4 (Groundball, 5L, EV 83.8 MPH)
Top of the 8th over - 0 runs, 1 hit, 0 errors, 1 left on base; San Antonio 1 - Jacksonville 1
BOTTOM OF THE 8TH
Jacksonville Suns batting - Pitching for San Antonio Missions : RHP Parker French
Pitching: RHP Alex Romero
Now at 1B: Chad Cutler
Now at SS: Mike MacLeod
Now in LF: Pat Aviles
Now in CF: Caleb Russell
Batting: RHB Reomel Somera 0-0: Foul Ball, location: 2F
0-1: Foul Ball, location: 2F
0-2: SINGLE (Line Drive, 6MD, EV 105.0 MPH)
Batting: LHB Matt McKeon 0-0: Ball
Reomel Somera is caught stealing 2nd base 2-6
1-0: Ball
2-0: Called Strike
2-1: Called Strike
2-2: Ball
3-2: Base on Balls
Batting: RHB Len Graham 0-0: Called Strike
0-1: Called Strike
0-2: Foul Ball, location: 2F
0-2: Fielders Choice at 2nd, 1-6 (Groundball, 13, EV 68.8 MPH)
Batting: RHB Larry LeFever 0-0: Ball
1-0: Called Strike
Len Graham is caught stealing 2nd base 2-4
Bottom of the 8th over - 0 runs, 1 hit, 0 errors, 0 left on base; San Antonio 1 - Jacksonville 1
TOP OF THE 9TH
San Antonio Missions batting - Pitching for Jacksonville Suns : RHP Alberto Negrete
Batting: RHB Caleb Russell 0-0: Foul Ball, location: 2F
0-1: Foul Ball, location: 2F
0-2: Ground out 5-3 (Groundball, 5S, EV 80.6 MPH)
Batting: RHB Jesse White 0-0: Ground out 6-3 (Groundball, 6, EV 88.8 MPH)
Batting: RHB Eric Sandell 0-0: Foul Ball, location: 2F
0-1: Ball
1-1: Ball
2-1: Foul Ball, location: 2F
2-2: Ball
3-2: Foul Ball, location: 2F
3-2: Ground out 6-3 (Groundball, 6, EV 83.1 MPH)
Top of the 9th over - 0 runs, 0 hits, 0 errors, 0 left on base; San Antonio 1 - Jacksonville 1
BOTTOM OF THE 9TH
Jacksonville Suns batting - Pitching for San Antonio Missions : RHP Alex Romero
Batting: RHB Larry LeFever 0-0: Ball
1-0: Ball
2-0: Called Strike
2-1: Ball
3-1: Foul Ball, location: 2F
3-2: Foul Ball, location: 2F
3-2: Foul Ball, location: 2F
3-2: SINGLE (Groundball, 6D, EV 111.2 MPH)
Batting: RHB Chris Alft 0-0: Swinging Strike
0-1: Called Strike
0-2: Strikes out swinging
Batting: RHB Akira Suzuki 0-0: Called Strike
0-1: Ball
1-1: SINGLE (Line Drive, 89S, EV 106.2 MPH)
Larry LeFever to second
Pitching: LHP Don Quiponch
Pinch Hitting: RHB Torquato Obawole 0-0: Called Strike
0-1: Swinging Strike
0-2: Foul Ball, location: 2F
0-2: Ball
1-2: Strikes out swinging
Batting: RHB Jack Power 0-0: Foul Ball, location: 2F
0-1: Fly out, F8 (Line Drive, 8LS, EV 88.1 MPH)
Bottom of the 9th over - 0 runs, 2 hits, 0 errors, 2 left on base; San Antonio 1 - Jacksonville 1
TOP OF THE 10TH
San Antonio Missions batting - Pitching for Jacksonville Suns : RHP Alberto Negrete
Now at 2B: Torquato Obawole
Now at 3B: Reomel Somera
Now at SS: Larry LeFever
Batting: RHB Chase Briney 0-0: Called Strike
0-1: Ball
1-1: Ball
2-1: Ball
3-1: Foul Ball, location: 2F
3-2: Ground out U3 (Groundball, 34, EV 86.2 MPH)
Batting: RHB Travis Carter 0-0: Called Strike
0-1: Ball
1-1: Ball
2-1: Ground out 4-3 (Groundball, 4M, EV 91.2 MPH)
Pitching: LHP Will Sledge
Pinch Hitting: RHB Kory Sanchez 0-0: Called Strike
0-1: Ball
1-1: Swinging Strike
1-2: Foul Ball, location: 2F
1-2: Foul Ball, location: 2F
1-2: Ball
2-2: Strikes out swinging
Top of the 10th over - 0 runs, 0 hits, 0 errors, 0 left on base; San Antonio 1 - Jacksonville 1
BOTTOM OF THE 10TH
Jacksonville Suns batting - Pitching for San Antonio Missions : LHP Don Quiponch
Pitching: RHP Andy Dunmire
Now at 1B: Marcus Dawson
Batting: LHB Orlando Rivera 0-0: Ground out 6-3 (Groundball, 6, EV 88.1 MPH)
Batting: RHB Reomel Somera 0-0: Ball
1-0: Called Strike
1-1: Foul Ball, location: 2F
1-2: Ball
2-2: Foul Ball, location: 2F
2-2: DOUBLE (Line Drive, 7LS, EV 103.8 MPH)
Batting: LHB Matt McKeon 0-0: Ball
1-0: Ball
2-0: Ground out 4-3 (Groundball, 4, EV 104.4 MPH)
Reomel Somera to third
Batting: RHB Len Graham 0-0: Ball
1-0: Swinging Strike
1-1: Foul Ball, location: 2F
1-2: Ball
Wild Pitch!
Reomel Somera scores
Bottom of the 10th over - 1 run, 1 hit, 0 errors, 0 left on base; San Antonio 1 - Jacksonville 2
Sunday, July 16th , 2023 - OOTP Baseball 24.6 Build 69